 Dungeon Crawl Stone Soup version 0.31.0-9-g3a7656b989 (webtiles) character file.

Game seed: 1050142749896219124

9 Colgate the Shooter (level 2, 14/22 HPs)
             Began as a Demonspawn Hunter on Feb 6, 2024.
             Quit the game on level 1 of the Dungeon.
             The game lasted 00:00:06 (289 turns).

Colgate the Shooter (Demonspawn Hunter)              Turns: 289, Time: 00:00:07

Health: 14/22      AC:  3    Str: 11    XL:     2   Next: 3%
Magic:  2/2        EV: 11    Int:  9    God:
Gold:   14         SH:  0    Dex: 16    Spells: 1/1 levels left

rFire   . . .        a - +0 shortbow
rCold   . . .        (shield currently unavailable)
rNeg    . . .        c - +0 leather armour
rPois   .            (no helmet)
rElec   .            (no cloak)
rCorr   .            (no gloves)
SInv    .            (no boots)
Will    .....        (no amulet)
Stlth   +            (no ring)
HPRegen 0.23/turn    (no ring)
MPRegen 0.08/turn

%: no passive effects
@: no status effects
A: weakness stinger 1
a: no special abilities


You were on level 1 of the Dungeon.
You visited 1 branch of the dungeon, and saw 1 of its levels.

You collected 14 gold pieces.

Inventory:

Hand Weapons
 a - a +0 shortbow (weapon)
Armour
 c - a +0 leather armour (worn)
Scrolls
 b - a scroll of butterflies
 d - 2 scrolls of identify {unknown}


   Skills:
 - Level 2.0 Fighting
 + Level 4.1 Ranged Weapons
 - Level 1.7 Dodging
 - Level 0.8 Stealth


You had one spell level left.
You didn't know any spells.
Your spell library was empty.

Dungeon Overview and Level Annotations

Branches:
Dungeon (1/15)

Altars:


Innate Abilities, Weirdness & Mutations

You have a small tail.


Message History

No target in view!
Key pressed, stopping explore.
No target in view!
Key pressed, stopping explore.
No target in view!
You now have 14 gold pieces (gained 7).
Key pressed, stopping explore.
No target in view!
A ball python comes into view.
You shoot an arrow.
The arrow barely misses the ball python.
A ball python is nearby!
You shoot an arrow. The arrow hits the ball python.
A ball python is nearby!
You shoot an arrow.
The arrow barely misses the ball python.
A ball python is nearby!
You shoot an arrow.
The arrow barely misses the ball python.
The ball python bites you. The ball python grabs you.
The ball python constricts you. The ball python closely misses you.
The ball python constricts you.
A ball python is nearby!
You shoot an arrow.
The arrow barely misses the ball python.
The ball python barely misses you. The ball python constricts you.
A ball python is nearby!
You shoot an arrow.
The arrow closely misses the ball python.
The ball python bites you. The ball python constricts you.
The ball python bites you but does no damage.
The ball python constricts you.
A ball python is nearby!
You shoot an arrow. The arrow hits the ball python.
You kill the ball python!
You have reached level 2!
You feel monstrous as your demonic heritage exerts itself.
Your demonic ancestry asserts itself...
You grow a small tail.
Are you sure you want to abandon this character and quit the game? (Confirm with "yes".)

.................
#†#######.#######.#
............# .#
..#######.#.# .#
...# #.#.# .# #..##
#.#.# .# ....##
#.#.# .# #.#..#
#.#.#####†# #.##.#
#.#.....@.#
#.##.####.#########
#...>.....#
########..# ###
#..# ..# #..# #.#
#..# #.# #..# #.#
#..#


There were no monsters in sight!

Vanquished Creatures
  2 hobgoblins (D:1)
  3 ball pythons (D:1)
  A frilled lizard (D:1)
  3 rats (D:1)
9 creatures vanquished.

Notes
Turn   | Place    | Note
-------+----------+-------------------------------------------
     0 | D:1      | Colgate the Demonspawn Hunter began the quest for the Orb.
     0 | D:1      | Reached XP level 1. HP: 16/16 MP: 1/1
   256 | D:1      | Reached skill level 4 in Ranged Weapons
   289 | D:1      | Discovered your monstrous ancestry.
   289 | D:1      | Gained mutation: You have a small tail. [demonic ancestry]
   289 | D:1      | Reached XP level 2. HP: 14/22 MP: 2/2
   289 | D:1      | Quit the game

Illustrated notes

Levels and vault maps discovered:
D:1:      dpeg_arrival_arbitrary_a, layout_basic,
          dreamdust_ecumenical_altar_drowned_temple

Skill      XL: |  1 |
---------------+----+-----
Ranged Weapons | 4 |  4.1
Fighting       | |  2.0
Dodging        | |  1.7
Stealth        | |  0.8

Action                     || total
---------------------------++-------
   Fire: Shortbow          ||    20
 Armour: Leather armour    ||     3
  Dodge: Dodged            ||     3
